[Event "Titled Tuesday Blitz September 27 Early 2022"]
[White "Bacrot, Etienne"]
[Black "Weetik, Vjacheslav"]
[WhiteFideId "605506"]
[BlackFideId "4153472"]
[WhiteElo "2666"]
[BlackElo "2469"]
[Result "1-0"]
[Round "09"]
[TimeControl "180+1"]
[Date "2022.09.27"]
[WhiteClock "0:01:05"]
[BlackClock "0:00:52"]

1. Nf3 Nf6 2. g3 g6 3. Bg2 Bg7 4. d4 d5 5. c4 c6 6. O-O O-O 7. Qb3 Qb6 8. Nc3 Rd8 9. Rd1 Bf5 10. Ne1 Na6 11. cxd5 cxd5 12. Nxd5 Nxd5 13. Bxd5 Nb4 14. Bxf7+ Kh8 15. Be3 e6 16. d5 Qb5 17. dxe6 Rxd1 18. Rxd1 Qxe2 19. e7 Nc2 20. Rd8+ 1-0


[Site "https://www.chess.com"]

[Event "Titled Tuesday Blitz September 27 Early 2022"]
[White "Barash, Anton"]
[Black "Song, Julien"]
[WhiteFideId "30935229"]
[BlackFideId "659487"]
[WhiteElo "2280"]
[BlackElo "2225"]
[Result "1-0"]
[Round "09"]
[TimeControl "180+1"]
[Date "2022.09.27"]
[WhiteClock "0:01:39"]
[BlackClock "0:02:07"]

1. e4 e6 2. d4 d5 3. Nc3 Nf6 4. Bg5 dxe4 5. f3 e3 6. Bxe3 Be7 7. Bd3 O-O 8. Nge2 Nc6 9. O-O Nb4 10. Kh1 Nxd3 11. Qxd3 b6 12. Rad1 Bb7 13. Ng3 Nd5 14. a3 Nxe3 15. Qxe3 Bf6 16. Nce4 Qe7 17. Nh5 Rad8 18. Nexf6+ gxf6 19. Qh6 1-0


[Site "https://www.chess.com"]

[Event "Titled Tuesday Blitz September 27 Early 2022"]
[White "Baskakov, Egor"]
[Black "Navarrete Mendez, Gonzalo Alberto"]
[WhiteFideId "24197866"]
[BlackFideId "5106850"]
[WhiteElo "2211"]
[BlackElo "2261"]
[Result "1-0"]
[Round "09"]
[TimeControl "180+1"]
[Date "2022.09.27"]
[WhiteClock "0:01:28"]
[BlackClock "0:00:01"]

1. e4 e5 2. Nc3 Nf6 3. g3 Bc5 4. Bg2 Nc6 5. h3 d6 6. Nge2 h5 7. d3 a6 8. O-O Be6 9. Nd5 Qd7 10. Kh2 Ba7 11. c3 O-O-O 12. Bg5 Ng4+ 13. hxg4 hxg4+ 14. Kg1 f6 15. Be3 Bb8 16. Re1 Qf7 17. d4 Qh5 18. Kf1 Rh7 19. Ng1 Rdh8 20. Rc1 Bd7 21. b4 Qh2 22. a4 Kd8 23. b5 axb5 24. axb5 Ne7 25. c4 Nxd5 26. exd5 Bf5 27. dxe5 fxe5 28. Bg5+ Kd7 29. c5 Ke8 30. Bf4 Kf7 31. Bxe5 dxe5 32. Rxe5 Kf6 33. Qd4 Kg6 34. Be4 Rf8 35. Bxf5+ Rxf5 36. Qxg4+ Kf7 37. Qxf5+ 1-0


[Site "https://www.chess.com"]

[Event "Titled Tuesday Blitz September 27 Early 2022"]
[White "Becerra, Juan David"]
[Black "Bettalli, Francesco"]
[WhiteFideId "4404998"]
[BlackFideId "2816453"]
[WhiteElo "2278"]
[BlackElo "2216"]
[Result "1-0"]
[Round "09"]
[TimeControl "180+1"]
[Date "2022.09.27"]
[WhiteClock "0:01:39"]
[BlackClock "0:02:01"]

1. e4 e5 2. Nf3 Nf6 3. Nxe5 Nc6 4. Nxc6 dxc6 5. e5 Ne4 6. Nc3 Nxc3 7. bxc3 Qh4 8. Be2 Bf5 9. O-O O-O-O 10. d4 c5 11. Be3 cxd4 12. cxd4 f6 13. Qc1 Be7 14. Bf3 g5 15. g3 Qh6 16. Rb1 c6 17. Qb2 Rd7 18. Bxc6 Rc7 19. Bxb7+ Kd8 20. d5 Be4 21. Qd4 Bf3 22. d6 Rxb7 23. dxe7+ Kxe7 24. Qd6+ Kf7 25. Rxb7+ Bxb7 26. Qd7+ Kg6 27. Qxb7 1-0


[Site "https://www.chess.com"]

[Event "Titled Tuesday Blitz September 27 Early 2022"]
[White "Bharath Subramaniyam H"]
[Black "Burmakin, Vladimir"]
[WhiteFideId "46634827"]
[BlackFideId "4105109"]
[WhiteElo "2346"]
[BlackElo "2513"]
[Result "1-0"]
[Round "09"]
[TimeControl "180+1"]
[Date "2022.09.27"]
[WhiteClock "0:00:11"]
[BlackClock "0:00:01"]

1. d4 Nf6 2. Nf3 c6 3. c4 d5 4. cxd5 cxd5 5. Nc3 e6 6. Bf4 Bd6 7. Bxd6 Qxd6 8. e3 Nc6 9. Rc1 O-O 10. Bd3 a6 11. O-O Bd7 12. Bb1 Rfc8 13. Na4 Ne7 14. Nc5 b6 15. Nd3 Bb5 16. Rxc8+ Rxc8 17. Re1 a5 18. Nfe5 Ng6 19. a3 Qc7 20. Nxg6 hxg6 21. Ne5 Nd7 22. Nf3 Qc4 23. h3 Ba6 24. Qd2 Qb3 25. Rc1 Rxc1+ 26. Qxc1 Qc4 27. Qd1 Qc7 28. g4 Qc4 29. Kg2 Kf8 30. g5 Ke7 31. h4 Qe2 32. Qc1 Qc4 33. Qd1 Qe2 34. Qc1 Qc4 35. Bc2 Bb5 36. Nd2 Qe2 37. Bd1 Qd3 38. Bg4 Bc4 39. Nf3 b5 40. Qe1 a4 41. Qa5 Qf1+ 42. Kg3 Be2 43. Qc7 Bxf3 44. Bxf3 Qg1+ 45. Bg2 Qb1 46. Qc3 Qd1 47. Qb4+ Ke8 48. Qxb5 f5 49. gxf6 gxf6 50. Qc6 Ke7 51. Qc3 f5 52. Kh2 Qg4 53. Qb4+ Kf7 54. Qxa4 Qxh4+ 55. Kg1 Nf6 56. Qa7+ Kg8 57. Qb8+ Kh7 58. Qc7+ Kg8 59. a4 Ng4 60. Qf4 Qd8 61. b4 Qc8 62. b5 Qc2 63. Bf1 Qxa4 64. b6 Qb3 65. Qb8+ Kg7 66. Qc7+ Kh6 67. b7 1-0


[Site "https://www.chess.com"]

[Event "Titled Tuesday Blitz September 27 Early 2022"]
[White "Bilan, Danila"]
[Black "Ravi, Thandalam Shanmugam"]
[WhiteFideId "24161918"]
[BlackFideId "5000238"]
[WhiteElo "2164"]
[BlackElo "2063"]
[Result "1-0"]
[Round "09"]
[TimeControl "180+1"]
[Date "2022.09.27"]
[WhiteClock "0:00:18"]
[BlackClock "0:00:48"]

1. d4 Nf6 2. Nf3 d5 3. c4 e6 4. Nc3 c6 5. Bg5 dxc4 6. e4 b5 7. e5 h6 8. Bh4 g5 9. Nxg5 hxg5 10. Bxg5 Be7 11. exf6 Bxf6 12. Bxf6 Qxf6 13. g3 Bb7 14. Bg2 Na6 15. Nxb5 O-O-O 16. Nc3 Rxd4 17. Qe2 c5 18. Bxb7+ Kxb7 19. O-O Nb4 20. b3 Rd3 21. Ne4 Qd4 22. bxc4 f5 23. Ng5 e5 24. a3 Nc6 25. Rab1+ Kc7 26. Ne6+ Kd6 27. Nxd4 Rxd4 28. Rfd1 e4 29. Qe3 Ke6 30. h4 Rhd8 31. Qh6+ Ke5 32. Qxc6 Rxd1+ 33. Rxd1 Rxd1+ 34. Kg2 Rd2 35. Qxc5+ Ke6 36. Qxa7 Kf6 37. Qc5 Kg6 38. a4 Ra2 39. a5 Kf6 40. Qb6+ Ke5 41. a6 e3 42. Qxe3+ Kf6 43. a7 f4 44. Qxf4+ Kg6 45. a8=Q Rxa8 46. Qe4+ Kh5 47. Qxa8 Kg4 48. Qe4+ Kh5 49. Qf5+ Kh6 50. Qg5+ Kh7 51. f4 Kh8 52. f5 Kh7 53. f6 Kh8 54. Qg7# 1-0


[Site "https://www.chess.com"]

[Event "Titled Tuesday Blitz September 27 Early 2022"]
[White "Blokhin, Sofia"]
[Black "Mitrovic, Darko R"]
[WhiteFideId "4508190"]
[BlackFideId "927023"]
[WhiteElo "1771"]
[BlackElo "2150"]
[Result "1-0"]
[Round "09"]
[TimeControl "180+1"]
[Date "2022.09.27"]
[WhiteClock "0:00:47"]
[BlackClock "0:00:02"]

1. d4 Nf6 2. c4 e6 3. Nc3 Bb4 4. f3 d5 5. Qb3 c5 6. e3 Nc6 7. a3 Bxc3+ 8. bxc3 O-O 9. cxd5 exd5 10. Ne2 c4 11. Qc2 Re8 12. Ng3 Na5 13. Be2 Nb3 14. Rb1 Nxc1 15. Qxc1 Qe7 16. Kf2 Rb8 17. Re1 b5 18. Bf1 a5 19. Kg1 b4 20. axb4 axb4 21. cxb4 Rxb4 22. e4 Rxb1 23. Qxb1 Be6 24. exd5 Nxd5 25. Bxc4 Qa7 26. Qe4 Nc3 27. Qd3 Rd8 28. Bxe6 Rxd4 29. Bxf7+ Kxf7 30. Qf5+ Kg8 31. Re8# 1-0


[Site "https://www.chess.com"]

[Event "Titled Tuesday Blitz September 27 Early 2022"]
[White "Bowden, Karl"]
[Black "Diaz Perez, Michel Alejandro"]
[WhiteFideId "400548"]
[BlackFideId "3517179"]
[WhiteElo "2484"]
[BlackElo "2313"]
[Result "1/2-1/2"]
[Round "09"]
[TimeControl "180+1"]
[Date "2022.09.27"]
[WhiteClock "0:00:08"]
[BlackClock "0:00:11"]

1. e4 d5 2. Nc3 dxe4 3. Nxe4 c6 4. Nf3 Nd7 5. Qe2 Qc7 6. g3 Ngf6 7. d3 Nxe4 8. dxe4 e5 9. Bg2 Be7 10. O-O O-O 11. Rd1 a5 12. a4 Nc5 13. b3 f6 14. Ba3 b6 15. Qe3 Bg4 16. h3 Bh5 17. Bf1 Bg6 18. Bc4+ Kh8 19. Nh4 Rfd8 20. Nxg6+ hxg6 21. Qe2 Qc8 22. Rxd8+ Bxd8 23. Bxc5 bxc5 24. Kg2 f5 25. exf5 Qxf5 26. Bd3 Qe6 27. Qe4 Bg5 28. Re1 Re8 29. h4 Bh6 30. h5 Qf6 31. Qxg6 Qxg6 32. hxg6 Kg8 33. Re4 Bg5 34. f4 Bf6 35. g4 Kf8 36. g5 Bd8 37. Kf3 exf4 38. Rxe8+ Kxe8 39. Kxf4 Ke7 40. Kf5 Bc7 41. Be4 Kd7 42. Bd3 Bg3 43. Be4 Kd6 44. Bd3 Be1 45. Be4 c4 46. bxc4 Kc5 47. Bf3 Bd2 48. Bg2 Bc1 49. Ke6 Bxg5 50. Kd7 Kxc4 51. Bxc6 Kc3 52. Be4 Kb4 53. Bc6 Kc3 54. Be4 Kb4 55. Bc6 Kc4 56. Ke6 Kc3 57. Be4 Kb4 58. Bc6 Kc3 59. Be4 Kb4 60. Bc6 Kc3 1/2-1/2


[Site "https://www.chess.com"]

[Event "Titled Tuesday Blitz September 27 Early 2022"]
[White "Brodowski, Piotr"]
[Black "Principe, Gerson"]
[WhiteFideId "1124480"]
[BlackFideId "3804550"]
[WhiteElo "2312"]
[BlackElo "2280"]
[Result "1-0"]
[Round "09"]
[TimeControl "180+1"]
[Date "2022.09.27"]
[WhiteClock "0:02:06"]
[BlackClock "0:01:09"]

1. e4 c6 2. d4 d5 3. e5 Bf5 4. Ne2 e6 5. Ng3 Bg6 6. c4 dxc4 7. Bxc4 Ne7 8. Nc3 Nd5 9. O-O Be7 10. f4 Nxc3 11. bxc3 O-O 12. f5 exf5 13. Nxf5 Nd7 14. Qg4 Nb6 15. Bb3 a5 16. Nxe7+ Qxe7 17. Bg5 Qe8 18. e6 fxe6 19. Rxf8+ Qxf8 20. Rf1 Kh8 21. Rxf8+ 1-0


[Site "https://www.chess.com"]

[Event "Titled Tuesday Blitz September 27 Early 2022"]
[White "Buscar, Michael"]
[Black "Winterberg, Lukas"]
[WhiteFideId "2603616"]
[BlackFideId "24622702"]
[WhiteElo "2010"]
[BlackElo "2349"]
[Result "1-0"]
[Round "09"]
[TimeControl "180+1"]
[Date "2022.09.27"]
[WhiteClock "0:00:32"]
[BlackClock "0:00:21"]

1. Nf3 g6 2. g3 Bg7 3. Bg2 d5 4. d3 e5 5. Bg5 f6 6. Bd2 Ne7 7. Qc1 O-O 8. Bh6 c5 9. Bxg7 Kxg7 10. h4 Nbc6 11. h5 g5 12. Nxg5 fxg5 13. Qxg5+ Kh8 14. Nc3 Rf5 15. Qh6 Ng8 16. Qd2 Be6 17. g4 Rf7 18. g5 Rd7 19. O-O-O b5 20. e4 d4 21. Nd5 Nce7 22. Rdg1 Nxd5 23. exd5 Bxd5 24. Bxd5 Rxd5 25. g6 h6 26. g7+ Kh7 27. Qe2 Nf6 28. Qf3 Kg8 29. Rg6 Rd6 30. Rxh6 Nh7 31. Rxd6 Qxd6 32. Qxa8+ Kxg7 33. Rg1+ Kh6 34. Rg6+ 1-0


[Site "https://www.chess.com"]

[Event "Titled Tuesday Blitz September 27 Early 2022"]
[White "Carrasco Miranda, Andres"]
[Black "Dushyant Sharma"]
[WhiteFideId "3405990"]
[BlackFideId "25065130"]
[WhiteElo "2177"]
[BlackElo "2144"]
[Result "1-0"]
[Round "09"]
[TimeControl "180+1"]
[Date "2022.09.27"]
[WhiteClock "0:00:21"]
[BlackClock "0:00:08"]

1. d4 d5 2. c4 e6 3. Nf3 Nf6 4. g3 Be7 5. Bg2 O-O 6. O-O dxc4 7. Qc2 c5 8. dxc5 Nc6 9. Nbd2 e5 10. Nxc4 e4 11. Nfe5 Nd4 12. Qd1 Bxc5 13. Be3 b5 14. b4 bxc4 15. bxc5 Ne6 16. Qxd8 Rxd8 17. Nxc4 Ba6 18. Rfc1 Rab8 19. Ne5 Rdc8 20. Rab1 Rxb1 21. Rxb1 Nxc5 22. Rc1 Ne6 23. Rxc8+ Bxc8 24. Bxa7 Ba6 25. e3 Kf8 26. f3 Ke7 27. fxe4 Kd6 28. Nxf7+ Ke7 29. Ne5 Kd6 30. Bd4 Ne8 31. Bf1 Bb7 32. Nc4+ Ke7 33. e5 Bd5 34. a4 N8c7 35. Nb6 Bb7 36. a5 Ba6 37. Nd5+ Kd7 38. Nxc7 Nxc7 39. e6+ Kxe6 40. Bxa6 Nxa6 41. Bxg7 Kf5 42. Kf2 Ke4 43. Ke2 h5 44. Bd4 Nb4 45. h3 Na6 46. g4 hxg4 47. hxg4 Nb4 48. Bb6 Na6 49. g5 Kf5 50. Kd3 Kxg5 51. Kc4 Kf5 52. Kb5 Nb8 53. a6 Nxa6 54. Kxa6 Ke4 55. Kb5 Kf5 56. Kc4 Ke5 57. Kc3 Ke6 58. Kd3 Kd5 59. e4+ Kc6 60. Kd4 Kxb6 61. Kd5 Kc7 62. Ke6 Kc6 63. e5 Kc7 64. Kf7 Kd8 65. e6 1-0


[Site "https://www.chess.com"]

[Event "Titled Tuesday Blitz September 27 Early 2022"]
[White "Caruana, Fabiano"]
[Black "Svane, Rasmus"]
[WhiteFideId "2020009"]
[BlackFideId "4657101"]
[WhiteElo "2847"]
[BlackElo "2674"]
[Result "1/2-1/2"]
[Round "09"]
[TimeControl "180+1"]
[Date "2022.09.27"]
[WhiteClock "0:00:22"]
[BlackClock "0:00:16"]

1. e3 d5 2. c4 e6 3. Nf3 Nf6 4. b3 c5 5. Bb2 Nc6 6. cxd5 exd5 7. Bb5 Bd6 8. h3 O-O 9. O-O d4 10. exd4 Nxd4 11. Nxd4 cxd4 12. Bxd4 Bh2+ 13. Kxh2 Qxd4 14. Nc3 Be6 15. Qf3 a6 16. Be2 b5 17. Rad1 Rfd8 18. Qe3 Rac8 19. Bf3 b4 20. Qxd4 Rxd4 21. Ne2 Rd6 22. Nf4 Rc2 23. Nxe6 fxe6 24. Be2 a5 25. Bc4 Rxa2 26. Rfe1 Kf7 27. Re5 Nd7 28. Rb5 Raxd2 29. Rxd2 Rxd2 30. Rxa5 Rxf2 31. Rb5 Kf6 32. Rxb4 Ne5 33. Kg3 Rc2 34. Bf1 Rc3+ 35. Kf2 Nd3+ 36. Bxd3 Rxd3 37. Rf4+ Ke5 38. Rg4 g6 39. b4 Rb3 40. Rc4 Kd5 41. Rc7 Rxb4 42. Rxh7 Ke5 43. Rf7 Rf4+ 44. Rxf4 Kxf4 45. g3+ Ke4 46. Ke2 e5 47. Kf2 Kd3 48. h4 e4 49. Ke1 Ke3 50. g4 Kf4 51. h5 gxh5 52. gxh5 Kg5 53. Ke2 Kxh5 54. Ke3 Kg4 55. Kxe4 1/2-1/2


[Site "https://www.chess.com"]

[Event "Titled Tuesday Blitz September 27 Early 2022"]
[White "Chernomordik, Pavel"]
[Black "Itkis, Boris"]
[WhiteFideId "2804530"]
[BlackFideId "1209167"]
[WhiteElo "2217"]
[BlackElo "2207"]
[Result "1/2-1/2"]
[Round "09"]
[TimeControl "180+1"]
[Date "2022.09.27"]
[WhiteClock "0:00:37"]
[BlackClock "0:00:15"]

1. e4 c6 2. Nc3 d5 3. Nf3 dxe4 4. Nxe4 Nf6 5. Qe2 Nxe4 6. Qxe4 Qd5 7. Qf4 Qf5 8. Qh4 Nd7 9. Bc4 Nf6 10. O-O Qxc2 11. Ne5 e6 12. d4 Qe4 13. Qg3 Qxd4 14. Re1 Bd6 15. Qxg7 Bxe5 16. Qxh8+ Ke7 17. Bg5 b5 18. Rad1 Bb7 19. Bxf6+ Bxf6 20. Rxe6+ fxe6 21. Qxh7+ Kd6 22. Rxd4+ Bxd4 23. Qxb7 Rf8 24. Be2 Rxf2 25. Qb8+ Kd7 26. Qb7+ Kd6 27. Qb8+ Kd7 28. Qb7+ Kd6 1/2-1/2


[Site "https://www.chess.com"]

[Event "Titled Tuesday Blitz September 27 Early 2022"]
[White "Ciuffoletti, Paolo"]
[Black "Seifert, Henryk"]
[WhiteFideId "807630"]
[BlackFideId "1100963"]
[WhiteElo "2143"]
[BlackElo "2120"]
[Result "1-0"]
[Round "09"]
[TimeControl "180+1"]
[Date "2022.09.27"]
[WhiteClock "0:00:36"]
[BlackClock "0:00:16"]

1. e4 e6 2. d4 d5 3. e5 c5 4. c3 Nc6 5. Nf3 Qb6 6. a3 Bd7 7. b4 cxd4 8. cxd4 Rc8 9. Bb2 Na5 10. Nbd2 Nc4 11. Bxc4 dxc4 12. Rc1 a5 13. O-O axb4 14. axb4 Qxb4 15. Bc3 Qb5 16. Ne4 Nh6 17. Nfg5 Bc6 18. Qh5 Be7 19. Nxe6 Bxe4 20. Nxg7+ Kd8 21. Qxh6 Bg6 22. d5 Bd3 23. d6 Bxd6 24. exd6 Qd7 25. Qf6+ 1-0


[Site "https://www.chess.com"]

[Event "Titled Tuesday Blitz September 27 Early 2022"]
[White "Cruz, Jonathan"]
[Black "Fernandez De La Vara, Arnaldo"]
[WhiteFideId "3802124"]
[BlackFideId "3518388"]
[WhiteElo "2406"]
[BlackElo "2387"]
[Result "0-1"]
[Round "09"]
[TimeControl "180+1"]
[Date "2022.09.27"]
[WhiteClock "0:00:01"]
[BlackClock "0:00:50"]

1. e4 c5 2. Nf3 e6 3. c3 d5 4. e5 d4 5. Bd3 Nc6 6. O-O Nge7 7. Re1 Ng6 8. Na3 a6 9. Nc2 Be7 10. Re4 O-O 11. cxd4 cxd4 12. b3 Bc5 13. Bb2 b5 14. b4 Bb6 15. a4 bxa4 16. Rxa4 Bb7 17. Qe2 Nce7 18. Rg4 Qd7 19. Ra1 Nf5 20. Ng5 Bc7 21. Nxd4 Qd5 22. Be4 Nxd4 23. Qd3 Qxe5 24. Bxb7 Qxh2+ 25. Kf1 Qh1# 0-1


[Site "https://www.chess.com"]

[Event "Titled Tuesday Blitz September 27 Early 2022"]
[White "Curtis, John"]
[Black "Zaichenko, Daria"]
[WhiteFideId "3200256"]
[BlackFideId "4197453"]
[WhiteElo "2203"]
[BlackElo "2039"]
[Result "1-0"]
[Round "09"]
[TimeControl "180+1"]
[Date "2022.09.27"]
[WhiteClock "0:00:54"]
[BlackClock "0:00:46"]

1. e4 c5 2. Nf3 Nc6 3. d4 cxd4 4. Nxd4 Nf6 5. Nc3 d6 6. Bc4 e5 7. Nde2 Be7 8. Bg5 h6 9. Bxf6 Bxf6 10. O-O O-O 11. a3 a6 12. Qd3 b5 13. Bd5 Bb7 14. Rad1 Be7 15. f4 Qb6+ 16. Kh1 exf4 17. Bxc6 Qxc6 18. Nxf4 Rad8 19. Nfd5 Bg5 20. Rf5 Qc4 21. Qxc4 bxc4 22. Rd4 Rfe8 23. Rxc4 Bxd5 24. Rxd5 Re5 25. g3 Rde8 26. Rxe5 Rxe5 27. Rc8+ Kh7 28. Rc6 Bd2 29. Kg2 Bxc3 30. Rxc3 Rxe4 31. Kf3 Re1 32. Rd3 Rc1 33. c3 Rc2 34. b4 Rxh2 35. Rxd6 Rc2 36. Rxa6 Rxc3+ 37. Kg2 g5 38. g4 Rc4 39. Kg3 Rc3+ 40. Kf2 Rc4 41. Kf3 Rf4+ 42. Kg3 Rc4 43. b5 Rc3+ 44. Kg2 Rc4 45. Kf3 Rc3+ 46. Ke4 Rc4+ 47. Kf3 Rc3+ 48. Ke2 Rc4 49. b6 Rxg4 50. Ra7 Kg6 51. a4 Rb4 52. a5 h5 53. b7 h4 54. a6 h3 55. Ra8 Kg7 56. b8=Q Rxb8 57. Rxb8 g4 58. Kf2 f5 59. a7 f4 60. Rb7+ Kg6 61. a8=Q g3+ 62. Kf3 h2 63. Qg8+ Kf5 64. Qd5+ Kg6 65. Rb6+ Kg7 66. Qd7+ Kg8 67. Rb8# 1-0


[Site "https://www.chess.com"]

[Event "Titled Tuesday Blitz September 27 Early 2022"]
[White "Derjabin, Ilja"]
[Black "Spalir, Monika"]
[WhiteFideId "14104768"]
[BlackFideId "14609118"]
[WhiteElo "2341"]
[BlackElo "2032"]
[Result "1-0"]
[Round "09"]
[TimeControl "180+1"]
[Date "2022.09.27"]
[WhiteClock "0:00:40"]
[BlackClock "0:00:08"]

1. d4 Nf6 2. c4 e6 3. Nc3 Bb4 4. a3 Bxc3+ 5. bxc3 b6 6. f3 O-O 7. e4 Nc6 8. Bd3 Ba6 9. Bg5 h6 10. Bh4 d6 11. Ne2 e5 12. O-O Na5 13. f4 Re8 14. fxe5 dxe5 15. Rxf6 gxf6 16. Ng3 Kh7 17. Qh5 Rg8 18. Qf5+ Rg6 19. Nh5 Bc8 20. Qf2 Kh8 21. Bxf6+ Rxf6 22. Nxf6 exd4 23. Qh4 Kg7 24. Nh5+ 1-0


[Site "https://www.chess.com"]

[Event "Titled Tuesday Blitz September 27 Early 2022"]
[White "Deuer, Marius"]
[Black "Jiganchine, Roman"]
[WhiteFideId "16236432"]
[BlackFideId "2603667"]
[WhiteElo "2059"]
[BlackElo "2270"]
[Result "1-0"]
[Round "09"]
[TimeControl "180+1"]
[Date "2022.09.27"]
[WhiteClock "0:00:22"]
[BlackClock "0:00:04"]

1. b3 d5 2. Bb2 Bf5 3. Nf3 e6 4. e3 Nf6 5. c4 c6 6. Nc3 h6 7. Be2 Nbd7 8. O-O Be7 9. d3 O-O 10. Qc2 Bh7 11. e4 a5 12. h3 dxe4 13. dxe4 Nc5 14. Nd2 a4 15. b4 a3 16. Bxa3 Rxa3 17. bxc5 Bxc5 18. Nb3 b6 19. Qb2 Qa8 20. e5 Nd7 21. Nb1 Ra6 22. N1d2 Ba3 23. Qc3 Nc5 24. Bf3 Rd8 25. Nxc5 Bxc5 26. Nb3 Rd3 27. Qb2 Rxf3 28. gxf3 Be7 29. Rfd1 Bf5 30. Kg2 Bg5 31. c5 b5 32. Nd4 Bf4 33. Nxf5 exf5 34. Qd4 Ra4 35. Qd8+ Qxd8 36. Rxd8+ Kh7 37. Re1 Rxa2 38. Rc8 b4 39. Rxc6 b3 40. Rb6 b2 41. Rb1 Bxe5 42. c6 Ra1 43. R6xb2 Bxb2 44. Rxa1 Bxa1 45. c7 Be5 46. c8=Q g6 47. Kf1 Kg7 48. Ke2 Bf6 49. Kd3 Ba1 50. Kc4 Bf6 51. Kd5 Bb2 52. Kc6 Bf6 53. Kd7 Bg5 54. Ke8 Bf6 55. Qd7 1-0


[Site "https://www.chess.com"]

[Event "Titled Tuesday Blitz September 27 Early 2022"]
[White "Dmitrenko, Viktor"]
[Black "Quirke, Jeffrey"]
[WhiteFideId "14110270"]
[BlackFideId "2013029"]
[WhiteElo "2235"]
[BlackElo "2126"]
[Result "1-0"]
[Round "09"]
[TimeControl "180+1"]
[Date "2022.09.27"]
[WhiteClock "0:00:17"]
[BlackClock "0:00:04"]

1. Nf3 d5 2. d4 e6 3. c4 dxc4 4. Nc3 a6 5. a4 Nc6 6. e3 Na5 7. Nd2 c5 8. Nxc4 Nf6 9. Nxa5 Qxa5 10. Bd3 cxd4 11. exd4 Be7 12. O-O O-O 13. Qf3 Rd8 14. Be3 Qb4 15. Ne2 Bd7 16. a5 Bc6 17. Qh3 Bb5 18. Bg5 Bxd3 19. Qxd3 h6 20. Bh4 Rac8 21. Qf3 Rd7 22. h3 Nd5 23. Bg3 Bf6 24. Be5 Rc2 25. Ng3 Rxb2 26. Ne4 Bxe5 27. dxe5 Rb3 28. Qg4 Kf8 29. Rac1 Nc3 30. Nxc3 Qxg4 31. hxg4 1-0


[Site "https://www.chess.com"]

[Event "Titled Tuesday Blitz September 27 Early 2022"]
[White "Domingo Nunez, Ruben"]
[Black "Jean Louis, Marckens"]
[WhiteFideId "22245570"]
[BlackFideId "11900270"]
[WhiteElo "2406"]
[BlackElo "2031"]
[Result "0-1"]
[Round "09"]
[TimeControl "180+1"]
[Date "2022.09.27"]
[WhiteClock "0:00:07"]
[BlackClock "0:00:14"]

1. Nf3 d6 2. d4 Nf6 3. g3 g6 4. Bg2 Bg7 5. O-O O-O 6. c4 c6 7. Nc3 Re8 8. Bg5 Qb6 9. Qc1 Bg4 10. Rd1 Nbd7 11. h3 Bxf3 12. Bxf3 e5 13. Be3 exd4 14. Bxd4 Qc7 15. Qc2 Ne5 16. Bxe5 dxe5 17. e3 Rad8 18. c5 Qa5 19. Qb3 e4 20. Bg2 Qxc5 21. Qxb7 Rb8 22. Qc7 Rbc8 23. Qf4 Nd5 24. Nxe4 Qa5 25. Rxd5 cxd5 26. Nd6 Rf8 27. Nxc8 Rxc8 28. Rd1 d4 29. exd4 Qxa2 30. Bb7 Rd8 31. Qc7 Bf6 32. Rd2 Kg7 33. d5 Qb1+ 34. Kh2 Qe1 35. Qc2 Rb8 36. Re2 Qf1 37. Ba6 Rxb2 38. Qe4 Rxe2 39. Qxe2 Qa1 40. f4 Bd4 41. h4 h5 42. Kg2 Qg1+ 43. Kf3 Qh1+ 44. Qg2 Qa1 45. Qe2 Qa5 46. Qd3 Qxd5+ 47. Qe4 Qb3+ 48. Qd3 Qb4 49. Bc4 Qb2 50. Ke4 Bf6 51. Qd5 Qg2+ 52. Kd3 Qxd5+ 53. Kc2 Qxc4+ 0-1


[Site "https://www.chess.com"]

[Event "Titled Tuesday Blitz September 27 Early 2022"]
[White "Erenberg, Ariel"]
[Black "Rustemov, Alexander"]
[WhiteFideId "2811634"]
[BlackFideId "4119002"]
[WhiteElo "2243"]
[BlackElo "2840"]
[Result "0-1"]
[Round "09"]
[TimeControl "180+1"]
[Date "2022.09.27"]
[WhiteClock "0:00:01"]
[BlackClock "0:00:12"]

1. Nf3 d5 2. c4 c6 3. b3 Nf6 4. Bb2 Bf5 5. g3 e6 6. Bg2 h6 7. O-O Be7 8. d3 O-O 9. Nbd2 Nbd7 10. cxd5 exd5 11. Re1 Bh7 12. a3 a5 13. Nd4 Re8 14. e4 Nc5 15. Qc2 Bf8 16. Rad1 Qb6 17. h3 Qa6 18. Bf1 Rad8 19. Nf5 Bxf5 20. Bxf6 gxf6 21. d4 Qa7 22. exf5 Nd7 23. Qb2 Qb8 24. Bd3 Qd6 25. a4 Qa3 26. Qc2 Qb4 27. Nf3 Bd6 28. h4 Kg7 29. Kg2 Qb6 30. Qb2 Bb4 31. Rxe8 Rxe8 32. Nh2 Bf8 33. Ng4 Qb4 34. Ne3 Kh7 35. h5 Nb6 36. Ng4 Bg7 37. Bf1 Nxa4 38. Qc2 Nb6 39. Rd3 Nc8 40. Qc1 Nd6 41. Re3 Re4 42. Rxe4 Nxe4 43. Qe3 Qc3 44. Qf4 Qxd4 45. Qc7 Nc5 46. f4 Qe4+ 47. Kh2 Qxf5 48. Bh3 Qxh5 49. Qxa5 Ne4 50. Qc7 f5 51. Ne5 Qe2+ 52. Bg2 Qf2 53. Qxf7 Qxg3+ 54. Kg1 Qe1+ 55. Kh2 Qg3+ 56. Kg1 Qe3+ 57. Kh1 Nf2+ 58. Kh2 Qxf4+ 59. Kg1 Qxe5 0-1


[Site "https://www.chess.com"]

[Event "Titled Tuesday Blitz September 27 Early 2022"]
[White "Estrada Nieto, Julian"]
[Black "Gilmanov, Mansur"]
[WhiteFideId "5101018"]
[BlackFideId "4166868"]
[WhiteElo "2252"]
[BlackElo "2377"]
[Result "1-0"]
[Round "09"]
[TimeControl "180+1"]
[Date "2022.09.27"]
[WhiteClock "0:00:08"]
[BlackClock "0:00:08"]

1. e4 d5 2. exd5 Qxd5 3. Nc3 Qe5+ 4. Be2 Bg4 5. d4 Bxe2 6. Ngxe2 Qa5 7. O-O Nf6 8. Bd2 e6 9. Ne4 Qb6 10. Nxf6+ gxf6 11. c4 Nd7 12. Be3 O-O-O 13. Nc3 Rg8 14. Qf3 Qc6 15. Qxc6 bxc6 16. d5 cxd5 17. cxd5 Nb6 18. Bxb6 axb6 19. Rfd1 Bc5 20. Kf1 Kb7 21. g3 e5 22. Ne4 Bd4 23. Nxf6 Rg6 24. Ne4 Bxb2 25. Rab1 Bd4 26. Rb5 f5 27. Nd2 Rgd6 28. Nb3 Rxd5 29. Rxd5 Rxd5 30. f4 Rd6 31. Ke2 c5 32. fxe5 Bxe5 33. Rf1 Rf6 34. Nd2 Kc6 35. Nc4 Bc7 36. Kf3 f4 37. g4 b5 38. Nd2 Rd6 39. Ne4 Rd3+ 40. Kg2 Ra3 41. g5 Rxa2+ 42. Kh3 Re2 43. Nf6 c4 44. Nxh7 Kd5 45. g6 Ke6 46. Ng5+ Kf6 47. Rg1 Kxg6 48. Ne6+ Kf5 49. Nxc7 Re7 50. Nxb5 Rb7 51. Nd4+ Ke4 52. Rd1 Rh7+ 53. Kg2 Rg7+ 54. Kf2 Rd7 55. Re1+ Kxd4 56. Rd1+ Kc3 57. Rxd7 Kb2 58. Rf7 c3 59. Rxf4 c2 60. Rc4 c1=Q 61. Rxc1 Kxc1 62. h4 Kd2 63. h5 Kd3 64. h6 1-0


[Site "https://www.chess.com"]

[Event "Titled Tuesday Blitz September 27 Early 2022"]
[White "Fernandez Hernandez, Gerardo"]
[Black "Luxama, Jacques Muller"]
[WhiteFideId "2207400"]
[BlackFideId "11900113"]
[WhiteElo "2169"]
[BlackElo "1931"]
[Result "1-0"]
[Round "09"]
[TimeControl "180+1"]
[Date "2022.09.27"]
[WhiteClock "0:01:51"]
[BlackClock "0:00:55"]

1. e4 e5 2. Nf3 Nc6 3. Bc4 Bc5 4. b4 Bxb4 5. c3 Bd6 6. d4 Nf6 7. O-O O-O 8. Re1 h6 9. Nbd2 Re8 10. h3 b6 11. a4 Bb7 12. Qc2 a5 13. Qb3 Qe7 14. Nh4 Qf8 15. Ng6 1-0


[Site "https://www.chess.com"]

[Event "Titled Tuesday Blitz September 27 Early 2022"]
[White "Ferreira, Vitor Hugo Vieira"]
[Black "Machidon, Cristi"]
[WhiteFideId "2119765"]
[BlackFideId "13904590"]
[WhiteElo "2168"]
[BlackElo "2312"]
[Result "1-0"]
[Round "09"]
[TimeControl "180+1"]
[Date "2022.09.27"]
[WhiteClock "0:01:18"]
[BlackClock "0:00:14"]

1. e4 c6 2. d4 d5 3. exd5 cxd5 4. Bd3 Nc6 5. c3 Nf6 6. Ne2 Bg4 7. O-O e6 8. Qe1 Bxe2 9. Qxe2 Bd6 10. f4 O-O 11. Nd2 Qc7 12. g3 a6 13. a4 Rfb8 14. Nf3 Na5 15. Ra2 Nb3 16. Be3 b5 17. axb5 axb5 18. Rxa8 Rxa8 19. Bxb5 Ne4 20. Ne5 Ra2 21. Bd3 Nxc3 22. Qc2 Nxd4 23. Bxd4 Ne4 24. Bxe4 dxe4 25. Qxc7 Bxc7 26. Rc1 f6 27. Rxc7 fxe5 28. Bxe5 1-0


[Site "https://www.chess.com"]